Map: Void Training Stage 3

Players

Gracz - Winner!

  • Race: Terran Terran
  • League: Silver

Player 2

  • Race: Protoss Protoss

VOD

Have the link to the VOD?

Description

Time

  • Played on: Sept. 24, 2016, 2:01 p.m.
  • Length: 16:40
Show
View Real Time Build Order
Export as new Build Order

Gracz Terran - Winner!

Build Orders:  

Get SALT Encoding   

  12  0:01  SCV  
  13  0:26  Supply Depot  
  13  0:28  SCV  
  14  0:40  SCV  
  15  0:50  Barracks  
  15  0:52  SCV  
  16  0:57  Refinery  
  16  1:04  SCV  
  17  1:28  SCV  
  18  1:38  Refinery  
  18  1:40  SCV  
  18  1:44  Command Center  
  19  1:54  Orbital Command  
  19  1:55  Marine  
  20  2:20  Marine  
  21  2:29  Supply Depot  
  21  2:41  Barracks Reactor  
  21  2:49  Engineering Bay  
  21  2:55  Engineering Bay  
  21  3:01  SCV  
  22  3:12  Refinery  
  22  3:13  SCV  
  22  3:19  Marine x2  
  24  3:25  Barracks  
  25  3:31  SCV  
  27  3:34  Orbital Command  
  26  3:43  SCV  
  26  3:44  Refinery  
  27  3:55  SCV  
  28  4:07  SCV  
  28  4:08  SCV  
  30  4:14  Factory, Barracks  
  30  4:19  SCV  
  30  4:21  SCV  
  30  4:22  Barracks Reactor  
  32  4:24  Marine  
  32  4:28  Terran Infantry Weapons Level 1  
  33  4:31  SCV  
  33  4:32  Terran Infantry Armor Level 1  
  33  4:33  SCV  
  35  4:43  SCV  
  35  4:45  SCV  
  37  4:49  Marine x2  
  39  4:56  SCV  
  39  4:59  Supply Depot  
  40  5:02  Supply Depot  
  40  5:07  Marine x2  
  40  5:11  SCV x2  
  44  5:23  SCV x2  
  44  5:25  Marine x2  
  44  5:28  Barracks Tech Lab, Starport  
  48  5:29  Factory Tech Lab  
  48  5:33  Starport  
  48  5:35  Supply Depot, SCV  
  49  5:52  SCV x2  
  51  5:59  Siege Tank  
  51  6:00  Marauder  
  56  6:04  SCV x2  
  52  6:16  SCV  
  49  6:22  Marauder  
  45  6:50  Marine  
  45  6:51  Marine x4  
  44  7:03  Stimpack  
  44  7:08  Marine x2  
  44  7:09  Marine x3  
  43  7:26  Marine x5  
  41  7:37  Liberator x2  
  41  7:44  Marine x5  
  41  7:56  Hellion  
  49  8:02  Marine  
  40  8:13  Marine x4  
  44  8:20  Marine  
  42  8:31  Marine x4  
  46  8:38  Marine  
  36  8:49  Marine  
  33  9:07  SCV x2  
  35  9:17  Marine  
  35  9:18  Marine x4  
  35  9:19  SCV x2  
  35  9:20  Combat Shields  
  35  9:23  Medivac, Command Center  
  44  9:31  SCV x2  
  45  9:35  Marine  
  45  9:36  Marine x4  
  51  9:43  SCV x2  
  53  9:53  Marine  
  53  9:54  Marine x4  
  53  9:55  Barracks, SCV  
  53  9:56  SCV  
  53  9:57  Medivac x2  
  53  9:58  Barracks  
  64  10:11  Marine x4  
  68  10:21  Supply Depot  
  68  10:23  Supply Depot  
  68  10:27  Medivac  
  69  10:29  Medivac, Marine  
  64  10:54  Barracks Reactor x2  
  64  10:57  Medivac  
  64  11:02  Supply Depot  
  66  11:04  Supply Depot  
  66  11:06  Orbital Command  
  66  11:18  Medivac  
  68  11:27  Medivac  
  70  11:41  SCV  
  70  11:46  Marine x4  
  70  11:47  Marine x5  
  75  11:48  Medivac  
  75  11:53  SCV  
  83  11:57  Medivac  
  85  12:04  Marine  
  85  12:05  SCV  
  87  12:12  Marine  
  87  12:13  Marine x7  
  95  12:17  SCV  
  95  12:18  Medivac  
  95  12:20  Supply Depot  
  95  12:22  Marine  
  99  12:27  Medivac  
  99  12:29  SCV  
  102  12:30  Marine  
  102  12:31  Marauder  
  105  12:48  Medivac  
  107  12:53  Marauder  
  107  12:57  Medivac  
  111  13:14  Marauder  
  111  13:17  Medivac  
  100  13:57  Marine  
  100  13:58  Marine x8  
  109  14:15  Marine x5  
Show
View Real Time Build Order
Export as new Build Order

Player 2 Protoss 

Build Orders:  

Get SALT Encoding   

  12  0:01  Probe (Chrono Boost)  
  13  0:11  Probe (Chrono Boost)  
  14  0:21  Pylon  
  14  0:22  Probe (Chrono Boost)  
  15  0:39  Probe (Chrono Boost)  
  16  0:46  Assimilator  
  17  0:50  Probe (Chrono Boost)  
  17  0:51  Gateway  
  17  0:59  Pylon  
  17  1:00  Probe (Chrono Boost)  
  18  1:29  Gateway  
  18  1:34  Assimilator  
  18  1:42  Cybernetics Core  
  18  1:44  Zealot  
  20  2:06  Pylon  
  20  2:11  Warp Gate, Zealot  
  22  2:25  Adept  
  24  2:37  Adept  
  26  2:52  Adept  
  26  2:57  Pylon  
  28  3:01  Probe (Chrono Boost)  
  29  3:07  Stalker  
  32  3:13  Probe (Chrono Boost)  
  32  3:20  Adept  
  32  3:23  Forge  
  32  3:24  Probe (Chrono Boost)  
  35  3:36  Adept, Probe (Chrono Boost)  
  38  3:47  Probe (Chrono Boost)  
  39  3:58  Probe (Chrono Boost)  
  40  5:29  Stalker  
  40  5:30  Probe (Chrono Boost), Photon Cannon  
  40  5:32  Photon Cannon  
  40  5:33  Pylon  
  43  5:35  Robotics Facility  
  43  5:38  Stargate  
  43  5:39  Nexus  
  43  5:41  Twilight Council  
  43  5:42  Sentry  
  45  5:44  Gateway  
  45  5:46  Probe (Chrono Boost)  
  45  5:54  Stalker  
  47  6:00  Pylon  
  47  6:07  Stalker  
  49  6:17  Forge  
  49  6:20  Sentry  
  49  6:22  Observer  
  52  6:33  Sentry  
  54  6:42  Observer  
  55  6:52  Probe (Chrono Boost)  
  57  6:54  Probe (Chrono Boost)  
  57  7:00  Pylon  
  57  7:03  Probe (Chrono Boost)  
  57  7:04  Pylon  
  57  7:05  Probe (Chrono Boost)  
  59  7:13  Probe (Chrono Boost)  
  61  7:15  Probe (Chrono Boost)  
  61  7:24  Probe (Chrono Boost), Photon Cannon  
  61  7:26  Probe (Chrono Boost)  
  61  7:27  Photon Cannon  
  63  7:34  Probe (Chrono Boost)  
  63  7:36  Probe (Chrono Boost)  
  65  7:45  Probe (Chrono Boost)  
  65  7:47  Probe (Chrono Boost)  
  67  7:55  Probe (Chrono Boost)  
  67  7:58  Probe (Chrono Boost)  
  69  8:06  Probe (Chrono Boost)  
  69  8:08  Probe (Chrono Boost)  
  69  8:16  Probe (Chrono Boost)  
  69  8:19  Probe (Chrono Boost)  
  71  8:23  Assimilator  
  71  8:29  Assimilator  
  71  8:36  Zealot  
  69  8:46  Probe (Chrono Boost)  
  67  8:48  Probe (Chrono Boost), Zealot  
  67  8:58  Probe (Chrono Boost)  
  67  9:00  Probe (Chrono Boost)  
  67  9:01  Stalker  
  67  9:09  Probe (Chrono Boost)  
  68  9:14  Adept  
  70  9:27  Adept  
  72  9:50  Protoss Ground Weapons Level 1  
  72  9:51  Protoss Ground Armor Level 1  
  72  9:53  Void Ray  
  72  9:54  Warp Prism  
  78  10:00  Gateway  
  78  10:02  Pylon  
  78  10:04  Dark Shrine  
  78  10:06  Robotics Bay, Nexus  
  78  10:07  Templar Archives  
  78  10:09  Fleet Beacon  
  78  10:12  Robotics Facility  
  78  10:29  Observer  
  78  10:33  Zealot  
  63  10:47  Zealot  
  63  10:48  Warp Prism  
  61  10:52  Observer Gravitic Boosters  
  63  11:01  Stalker  
  65  11:14  Stalker  
  67  11:19  Probe (Chrono Boost)  
  67  11:23  Probe (Chrono Boost)  
  70  11:27  Probe (Chrono Boost)  
  70  11:28  High Templar  
  70  11:29  Assimilator  
  70  11:31  Probe (Chrono Boost)  
  73  11:34  Probe (Chrono Boost)  
  73  11:35  Assimilator  
  74  11:42  Gravitic Drive, Probe (Chrono Boost), High Templar  
  77  11:59  Archon  
  77  12:00  High Templar  
  79  12:13  High Templar  
  81  12:30  Archon  
  81  12:31  High Templar  
  83  12:44  High Templar  
  85  13:02  High Templar, Archon  
  87  13:16  High Templar  
  85  13:24  Immortal  
  69  13:42  Photon Cannon  
  69  13:44  Probe (Chrono Boost)  
  69  13:48  Probe (Chrono Boost), Zealot  
  70  13:51  Pylon  
  64  13:55  Photon Cannon  
  64  13:56  Probe (Chrono Boost), Zealot  
  64  13:59  Probe (Chrono Boost)  
  64  14:02  Immortal  
  65  14:07  Pylon, Probe (Chrono Boost)  
  67  14:11  Zealot  
  67  14:16  Pylon  
  65  14:18  Zealot  
  65  14:24  Void Ray  
  67  14:26  Nexus  
  70  14:35  Stalker  
  70  14:36  Stargate  
  70  14:38  Pylon  
  71  14:40  Robotics Bay  
  71  14:42  Zealot  
  71  14:43  Robotics Facility  
  61  14:49  Zealot  
  57  14:57  Photon Cannon, Zealot  
  57  14:58  Probe (Chrono Boost)  
  56  15:00  Probe (Chrono Boost)  
  56  15:03  Pylon  
  55  15:09  Probe (Chrono Boost)  
  55  15:11  Zealot  
  57  15:20  Stalker  
  59  15:21  Nexus  
  59  15:24  Nexus  
  58  15:28  Stalker  
  27  16:18  Probe (Chrono Boost)  
  27  16:22  Pylon  
Tags
 
Add a new tag
Caveats
  • Supply blocks, unpowered buildings, or Contaminate may cause inaccurate times.
  • Supply counts are checked every 10 seconds.